 Dungeon Crawl Stone Soup version 0.25.0-26-g0c896c7088 (webtiles) character file.

Game seed: 10763105728561609262

118 Exodus22XD the Poker (level 4, 0/34 HPs)
             Began as a Demonspawn Gladiator on July 4, 2020.
             Slain by an orc wizard
             ... wielding a cursed +0 dagger
              (3 damage)
             ... on level 3 of the Dungeon.
             The game lasted 00:02:54 (2135 turns).

Exodus22XD the Poker (Demonspawn Gladiator)         Turns: 2135, Time: 00:02:59

Health: 0/34       AC:  7    Str: 16    XL:     4   Next: 72%
Magic:  4/4        EV: 10    Int:  9    God:
Gold:   149        SH:  0    Dex: 14    Spells: 3/3 levels left

rFire    . . .     SeeInvis .   a - +0 trident
rCold    . . .     Gourm    .   (no shield)
rNeg     . . .     Faith    .   t - +0 scale mail
rPois    .         Spirit   .   c - +0 helmet
rElec    .         Reflect  .   (no cloak)
rCorr    .         Harm     .   (no gloves)
MR       .....     Rnd*Tele +   (no boots)
Stlth    ..........             (no amulet)
HPRegen  0.11/turn              h - ring of teleportation (curse)
MPRegen  0.09/turn              (no ring)

@: hasted and slowed
A: powered by death 1
a: no special abilities


You were on level 3 of the Dungeon.
You were not hungry.

You visited 1 branch of the dungeon, and saw 3 of its levels.

You collected 149 gold pieces.

Inventory:

Hand Weapons
 a - a +0 trident (weapon)
Missiles
 d - 3 throwing nets (quivered)
Armour
 c - a +0 helmet (worn)
 t - a +0 scale mail (worn)
Jewellery
 h - a cursed ring of teleportation (left hand)
Scrolls
 e - 2 scrolls of enchant weapon {unknown}
 g - a scroll of fear {unknown}
 i - a scroll of fog {unknown}
 j - 2 scrolls of enchant armour {unknown}
 k - a scroll of immolation {unknown}
 n - a scroll of magic mapping {unknown}
 o - a scroll of remove curse {unknown}
 p - a scroll of identify {unknown}
Potions
 l - 2 potions of cancellation {unknown}
 m - 2 potions of haste
 q - a potion of stabbing {unknown}
 r - a potion of ambrosia {unknown}
 s - 2 potions of curing {unknown}
Comestibles
 b - 10 chunks of flesh
 f - 6 rations


   Skills:
 + Level 2.9 Fighting
 + Level 4.0 Polearms
 - Level 1.7 Throwing
 + Level 1.2 Armour
 + Level 2.9 Dodging
 + Level 0.3 Stealth


You had 3 spell levels left.
You didn't know any spells.
Your spell library was empty.

Dungeon Overview and Level Annotations

Branches:
Dungeon (3/15)

Altars:
Elyvilon
Fedhas
Kikubaaqudgha
Qazlal
Zin


Innate Abilities, Weirdness & Mutations

You regenerate a little health from kills.


Message History

It was a potion of haste.
You feel yourself speed up.
The orc wizard casts a spell.
The orc wizard blinks!
Attack whom?
Press: ? - help, Dir - move target cursor, f/p - orc wizard
Aim: an orc wizard, wielding a +0 dagger and wearing a +0 robe (almost dead, fast)
You reach to attack!
You hit the orc wizard but do no damage.
The orc wizard is almost dead.
The orc wizard hits you but does no damage.
Attack whom?
Press: ? - help, Dir - move target cursor, f/p - orc wizard
Aim: an orc wizard, wielding a +0 dagger and wearing a +0 robe (almost dead, fast)
You barely miss the orc wizard.
The orc wizard is almost dead.
The orc wizard casts a spell at you. The magic dart hits you.
* * * LOW HITPOINT WARNING * * *
The orc wizard hits you with a cursed +0 dagger.
You die...

#........#
#.†).....# #.)†.#
#.)._# #....#####
#........#
#........#
#.....§..#
#.[...o@.# #####
#........####PP.#
#####
#........(..#P_P#
#....
###########)#PP.##
#....
#.##...###....
#..#...#......
##.......#....
#.....÷..####
####P..#.....


You could see an orc wizard (fast).

Vanquished Creatures
  An orc priest (D:3)
  2 worms
  2 dart slugs (D:1)
  2 leopard geckos
  9 orcs (D:3)
  4 bats (D:2)
  4 giant cockroaches
  12 hobgoblins
  5 jackals (D:1)
  A quokka (D:2)
  A frilled lizard (D:1)
  8 goblins
  5 kobolds
  5 rats
61 creatures vanquished.

Notes
Turn   | Place    | Note
-------+----------+-------------------------------------------
     0 | D:1      | Exodus22XD the Demonspawn Gladiator began the quest for the
                  | Orb.
     0 | D:1      | Reached XP level 1. HP: 16/16 MP: 1/1
   183 | D:1      | Gained mutation: You regenerate a little health from kills.
                  | [demonic ancestry]
   183 | D:1      | Reached XP level 2. HP: 14/23 MP: 2/2
   474 | D:1      | Reached skill level 3 in Polearms
  1037 | D:2      | Reached XP level 3. HP: 28/28 MP: 3/3
  1074 | D:2      | Found a white marble altar of Elyvilon.
  1846 | D:3      | Found a stormy altar of Qazlal.
  1870 | D:3      | Reached skill level 1 in Armour
  2022 | D:3      | Found a blossoming altar of Fedhas.
  2024 | D:3      | Found an ancient bone altar of Kikubaaqudgha.
  2048 | D:3      | Found a glowing silver altar of Zin.
  2060 | D:3      | Reached XP level 4. HP: 34/34 MP: 4/4
  2118 | D:3      | Reached skill level 4 in Polearms
  2135 | D:3      | Slain by an orc wizard

Illustrated notes

Levels and vault maps discovered:
D:1:      dpeg_arrival_windows_large_door, layout_loops_cross
D:2:      layout_loops_ring, overflow_temple_1_default
D:3:      layout_basic, grunt_temple_overflow_growth_and_decay,
          overflow_temple_1_default, nicolae_qazlal_general_emergency,
          first_ration

Skill      XL: |  1  2  3  4 |
---------------+-------------+-----
Polearms       | 3 4 |  4.0
Armour         | 1 |  1.2
Fighting       | |  2.9
Throwing       | |  1.7
Dodging        | |  2.9
Stealth        | |  0.3

Action                   |  1- 3 |  4- 6 || total
-------------------------+-------+-------++-------
Melee: Trident           |   187 |    55 ||   242
  Use: Potion            |       |     1 ||     1
 Stab: Sleeping          |     1 |       ||     1
  Eat: Chunk             |     4 |       ||     4
Armor: Leather armour    |     2 |       ||     2
       Ring mail         |    30 |       ||    30
       Scale mail        |    28 |    23 ||    51
Dodge: Dodged            |    91 |    33 ||   124
